 Dungeon Sprint DCSS version 0.30-a0-305-g026cb31310 (webtiles) character file.

Game seed: 9382806689285367048

3056 garrulousMonolith the Ninja (level 9, -5/44 HPs)
             Began as a Spriggan Enchanter on Oct 22, 2022.
             Was an Initiate of Gozag.
             Slain by a centaur warrior
             ... wielding a +0 falchion
              (9 damage)
             ... in the Dungeon (Sprint I: "Red Sonja").
             The game lasted 00:05:20 (1128 turns).

garrulousMonolith the Ninja (Spriggan Enchanter)    Turns: 1128, Time: 00:05:20

Health: -5/44      AC:  2    Str:  4    XL:     9   Next: 57%
Magic:  11/18      EV: 20    Int: 20    God:    Gozag
Gold:   773        SH:  5    Dex: 16    Spells: 8/19 levels left

rFire   . . .      SeeInvis +    a - +1 dagger
rCold   . . .      Faith    .    (no shield)
rNeg    + . .      Spirit   .    b - +0 robe
rPois   +          Reflect  +    (helmet restricted)
rElec   .          Harm     .    (no cloak)
rCorr   .          Rampage  .    (gloves unavailable)
Will    +....      NoTele   +    (boots unavailable)
Stlth   ++++++++++               s - amulet of reflection
HPRegen 0.27/turn                r - ring of poison resistance
MPRegen 0.16/turn                d - ring of positive energy

@: confusing by touch, very quick
A: very small, no large weapons, unfitting armour, see invisible, speed 3
a: Renounce Religion, Potion Petition, Call Merchant, Bribe Branch


You were in the Dungeon.
You worshipped Gozag.
Gozag was pleased with you.
You visited 1 branch You collected 1323 gold pieces.
You spent 550 gold pieces at shops.

Inventory:

Hand Weapons
 a - a +1 dagger (weapon)
 q - a +2 dagger of distortion
Missiles
 l - 3 curare-tipped darts (quivered)
Armour
 b - a +0 robe (worn)
Jewellery
 d - a ring of positive energy (right hand)
 r - a ring of poison resistance (left hand)
 s - an amulet of reflection (around neck)
Wands
 j - a wand of polymorph (6)
Scrolls
 n - a scroll of immolation {unknown}
 o - a scroll of enchant weapon {unknown}
 p - a scroll of identify {unknown}
Potions
 c - 2 potions of invisibility
 e - a potion of degeneration {unknown}
 f - a potion of haste
 g - 2 potions of magic
 h - a potion of might {unknown}
 k - a potion of ambrosia {unknown}
 m - 3 potions of curing


   Skills:
 + Level 3.1 Fighting
 * Level 6.3 Short Blades
 + Level 5.9 Dodging
 O Level 27 Stealth
 + Level 5.6 Spellcasting
 * Level 7.8 Hexes
 * Level 4.6 Ice Magic


You had 8 spell levels left.
You knew the following spells:

 Your Spells              Type           Power      Damage    Failure   Level
a - Ensorcelled Hibernat  Hex/Ice        60%        N/A       1%          2
b - Confusing Touch       Hex            37%        N/A       1%          3
c - Tukima's Dance        Hex            37%        N/A       1%          3
d - Dazzling Flash        Conj/Hex       42%        N/A       6%          3

Your spell library contained the following spells:

 Spells                   Type           Power      Damage    Failure   Level


Dungeon Overview and Level Annotations

Branches:
Dungeon (1/1)

Altars:
Cheibriados
Dithmenos
Elyvilon
Fedhas
Gozag
Hepliaklqana
Kikubaaqudgha
Makhleb
Nemelex Xobeh
Okawaru
Qazlal
Ru
Sif Muna
Trog
Uskayaw
Vehumet
Wu Jian
Xom
Yredelemnul
Zin
The Shining One
Jiyva
Lugonu

Shops:
D [=[

Annotations:
D exclusion: 4 doors


Innate Abilities, Weirdness & Mutations

You are very small and have problems with some larger weapons.
You are too small for most types of armour.
You have supernaturally acute eyesight. (SInv)
You cover ground extremely quickly. (Speed+++)


Message History

The gargoyle is moderately damaged.
You hit the gargoyle but do no damage.
The gargoyle is moderately damaged.
The gargoyle misses you.
You catch the helpless gargoyle completely off-guard!
You stick the gargoyle like a pincushion!!!
You destroy the gargoyle!
Your Fighting skill increases to level 3!
Your Short Blades skill increases to level 6!
You now have 773 gold pieces (gained 72).
You see here a +0 mace.
You close the door.
You start resting.
A centaur warrior opens the door.
It is wielding a +0 falchion.
A centaur warrior is nearby!
Casting: Confusing Touch (safe; 1% risk of failure)
Confirm with . or Enter, or press ? or * to list all spells.
Aiming: Ensorcelled Hibernation (safe; 1% risk of failure)
Press: ? - help, Shift-Dir - straight line, f - centaur warrior
Aim: a centaur warrior, wielding a +0 falchion (wandering, hasn't noticed you, chance to affect: 42%)
The centaur warrior shouts!
The centaur warrior looks drowsy...
The centaur warrior shouts!
The centaur warrior hits you with a +0 falchion.
The centaur warrior kicks you.
There is an open door, spattered with blood here.
You barely miss the centaur warrior.
The centaur warrior hits you with a +0 falchion!
The centaur warrior kicks you.
* * * LOW HITPOINT WARNING * * *
Casting: Ensorcelled Hibernation (safe; 1% risk of failure)
Confirm with . or Enter, or press ? or * to list all spells.
Your hands begin to glow red.
The centaur warrior hits you with a +0 falchion!
* * * LOW HITPOINT WARNING * * *
The centaur warrior misses you. x2; The centaur warrior kicks you.
* * * LOW HITPOINT WARNING * * *
The centaur warrior hits you with a +0 falchion!
You die...
Your body crumbles into a pile of gold.

##########################
#<.#.)'..#.)'..#__#..s.9.#$
#..'..#.)'..#..+..+..#)s$##+
#..#####'#####+#__####..$'..
#..####..#.).#.#### #####..
#..#__####..##.# $$ #
#..#_____##@#_.+
#⌠⌠#_.∩..s'§c§_# $$
####_..__##_§#'##+###
$$#_____###'#.#.(..### $
############.####'###.## $
#∩........'...'.....'[∩#
###++++####...########## $
###.### #.#'#.# $


You could see a demonic crawler and a centaur warrior.

Vanquished Creatures
  Sonja (D)
  A deep troll (D)
  2 demonic crawlers (D)
  A gargoyle (D)
  2 kobold demonologists (D)
  A slime creature (D)
  A yak (D)
  A floating eye (D)
  An ogre (D)
  A hound (D)
  A jelly (D)
  Ijyb (D)
  A ballistomycete spore (D)
15 creatures vanquished.

Vanquished Creatures (others)
  A ballistomycete spore (D)
1 creature vanquished.

Grand Total: 16 creatures vanquished

Notes
Turn   | Place    | Note
-------+----------+-------------------------------------------
     0 | D        | garrulousMonolith the Spriggan Enchanter began the quest
                  | for the Orb.
     0 | D        | Reached XP level 1. HP: 9/9 MP: 5/5
     3 | D        | Noticed Ijyb
     8 | D        | Killed Ijyb
     9 | D        | Reached skill level 10 in Stealth
     9 | D        | Reached XP level 2. HP: 13/13 MP: 6/6
    13 | D        | Noticed an ogre
    15 | D        | Killed an ogre
    16 | D        | Reached skill level 14 in Stealth
    16 | D        | Reached XP level 3. HP: 16/16 MP: 8/8
    16 | D        | Reached XP level 4. HP: 21/21 MP: 9/9
    27 | D        | Noticed Sigmund
    30 | D        | Sigmund changed into Sigmund the hound
    30 | D        | Noticed Sigmund
    45 | D        | Killed Sigmund the hound
    46 | D        | Reached skill level 15 in Stealth
    46 | D        | Reached XP level 5. HP: 24/24 MP: 10/10
    85 | D        | Learned a level 2 spell: Ensorcelled Hibernation
    89 | D        | Learned a level 3 spell: Confusing Touch
    93 | D        | Learned a level 3 spell: Tukima's Dance
   103 | D        | Found a shimmering blue altar of Sif Muna.
   104 | D        | Found an ornate altar of the Wu Jian Council.
   105 | D        | Found a radiant altar of Vehumet.
   111 | D        | Reached skill level 16 in Stealth
   141 | D        | Found Nolivviy's Jewellery Emporium.
   141 | D        | Found an ancient bone altar of Kikubaaqudgha.
   141 | D        | Found a hazy altar of Hepliaklqana.
   141 | D        | Found a hide-covered altar of Uskayaw.
   141 | D        | Found a basalt altar of Yredelemnul.
   141 | D        | Found an opulent altar of Gozag.
   141 | D        | Found a snail-covered altar of Cheibriados.
   141 | D        | Found a sacrificial altar of Ru.
   141 | D        | Found a shadowy altar of Dithmenos.
   141 | D        | Noticed a yak
   142 | D        | Found a stormy altar of Qazlal.
   142 | D        | Found a blossoming altar of Fedhas.
   142 | D        | Found a bloodstained altar of Trog.
   142 | D        | Found an iron altar of Okawaru.
   142 | D        | Found a glowing golden altar of the Shining One.
   142 | D        | Found a glowing silver altar of Zin.
   142 | D        | Found a white marble altar of Elyvilon.
   143 | D        | Killed a yak
   144 | D        | Reached skill level 19 in Stealth
   144 | D        | Reached XP level 6. HP: 28/28 MP: 11/11
   144 | D        | Found a sparkling altar of Nemelex Xobeh.
   147 | D        | Became a worshipper of Gozag Ym Sagoz the Greedy
   165 | D        | Noticed Sonja
   169 | D        | Killed Sonja
   170 | D        | Reached skill level 24 in Stealth
   170 | D        | Reached XP level 7. HP: 32/32 MP: 12/12
   504 | D        | Found a viscous altar of Jiyva.
   504 | D        | Found a corrupted altar of Lugonu.
   504 | D        | Noticed a slime creature
   505 | D        | Found a burning altar of Makhleb.
   505 | D        | Found a shimmering altar of Xom.
   507 | D        | Killed a slime creature
   508 | D        | Reached skill level 25 in Stealth
   508 | D        | Reached XP level 8. HP: 36/36 MP: 13/13
   668 | D        | Found Hussunul's Armour Boutique.
   708 | D        | Noticed a kobold demonologist
   709 | D        | Noticed a kobold demonologist
   712 | D        | Reached skill level 26 in Stealth
   718 | D        | Killed a kobold demonologist
   719 | D        | Reached skill level 27 in Stealth
   723 | D        | Killed a kobold demonologist
   724 | D        | Reached skill level 1 in Fighting
   800 | D        | Noticed a demonic crawler
   800 | D        | Noticed a demonic crawler
   800 | D        | Noticed a demonic crawler
   800 | D        | Noticed a demonic crawler
   806 | D        | Learned a level 3 spell: Dazzling Flash
   829 | D        | Noticed a deep troll
   833 | D        | Killed a deep troll
   834 | D        | Reached XP level 9. HP: 42/42 MP: 14/16
   844 | D        | Found Agrisisk's Armour Emporium.
   880 | D        | Bought a ring of poison resistance for 220 gold pieces
   880 | D        | Bought an amulet of reflection for 330 gold pieces
   918 | D        | Killed a demonic crawler
   918 | D        | Noticed a gargoyle
   919 | D        | Reached skill level 5 in Short Blades
   919 | D        | Reached skill level 5 in Dodging
   919 | D        | Reached skill level 5 in Spellcasting
   921 | D        | Killed a demonic crawler
  1070 | D        | Killed a gargoyle
  1124 | D        | Noticed a centaur warrior
  1128 | D        | Slain by a centaur warrior

Illustrated notes

Levels and vault maps discovered:
D:        dungeon_sprint_1 [red_sonja_temple_1, red_sonja_temple_small_1]

Skill      XL: |  1  2  3  4  5  6  7  8  9 |
---------------+----------------------------+-----
Stealth        | 10 14 15 19 24 25 27 | 27.0
Fighting       | 2 3 |  3.1
Short Blades   | 4 6 |  6.3
Dodging        | 4 5 |  5.9
Spellcasting   | 4 5 |  5.6
Hexes          | 6 7 |  7.8
Ice Magic      | 3 4 |  4.6

Action                   |  1- 3 |  4- 6 |  7- 9 || total
-------------------------+-------+-------+-------++-------
Melee: Dagger            |     5 |    17 |    25 ||    47
Throw: Dart              |       |       |     1 ||     1
 Cast: Ensorcelled Hiber |       |     1 |     5 ||     6
       Tukima's Dance    |       |       |     3 ||     3
       Dazzling Flash    |       |       |     3 ||     3
       Confusing Touch   |       |       |     2 ||     2
Evoke: Wand              |       |     1 |       ||     1
  Use: Potion            |       |     2 |     1 ||     3
       Scroll            |       |       |     1 ||     1
 Stab: Sleeping          |     2 |     3 |     5 ||    10
       Distracted        |       |       |     1 ||     1
       Invisible         |       |       |     4 ||     4
       Confused          |       |       |     1 ||     1
Armor: Robe              |       |     1 |     6 ||     7
Dodge: Dodged            |     2 |    14 |    49 ||    65
Block: Other             |       |       |     7 ||     7

Table legend: (Time is in decaauts)
 A = Elapsed time spent in this place.
 B = Non-inter-level travel time spent in this place.
 C = Inter-level travel time spent in this place.
 D = Time resting spent in this place.
 E = Time spent auto-exploring this place.
 F = Levels seen in this place.
 G = Mean time per level.
                   A        B        C        D        E       F      G
               +--------+--------+--------+--------+--------+-----+--------+
         Total |   1025 |   1025 |      0 |    697 |      0 |   1 | 1025.0 |
       Dungeon |   1025 |   1025 |      0 |    697 |      0 |   1 | 1025.0 |
               +--------+--------+--------+--------+--------+-----+--------+

Top non-repeatable levels by time:
       D: 1025 daAuts
